[Event "ICC tourney 2533 (25 5)"]
[Site "Internet Chess Club"]
[Date "2021.04.24"]
[Round "4"]
[White "PAN, STEVEN:K09-15963582"]
[Black "BUCHIREDDY, SAMHITHA:K09-30014268"]
[Result "1-0"]
[ICCResult "Black checkmated"]
[WhiteElo "1456"]
[BlackElo "842"]
[Opening "Scandinavian: Marshall variation"]
[ECO "B01"]
[NIC "SD.03"]
[Time "17:04:48"]
[PlyCount "117"]
[TimeControl "1500+5"]

1. e4 d5 2. exd5 Nf6 3. d4 Nxd5 4. c4 Nf6 5. Nf3 Bg4 6. Be3 Nc6 7. Be2 e6
8. h3 Bh5 9. O-O Be7 10. Nc3 Bb4 11. a3 Bxc3 12. bxc3 O-O 13. Rb1 b6 14.
Bg5 h6 15. Bh4 g5 16. Bg3 Ne4 17. Ne5 Bxe2 18. Nxc6 Bxd1 19. Nxd8 Nd2 20.
Rbxd1 Nxf1 21. Kxf1 Rfxd8 22. h4 a5 23. hxg5 hxg5 24. Bxc7 Rdc8 25. Bxb6
Rxc4 26. Rd3 a4 27. Bc5 Rd8 28. Be7 Rd5 29. Ke2 Rc7 30. Bc5 e5 31. Ke3
exd4+ 32. cxd4 f5 33. Rc3 Rb7 34. Rc4 Rb3+ 35. Ke2 Rd8 36. Rxa4 Re8+ 37.
Kd1 Rb2 38. d5 Rc8 39. Bd4 Ra2 40. Ra5 Rb8 41. Kc1 Kf7 42. Ra7+ Ke8 43. d6
Kf8 44. d7 Re2 45. Bc5+ Kg8 46. Rc7 Re1+ 47. Kd2 Reb1 48. Rc8+ Rxc8 49.
dxc8=Q+ Kf7 50. Qd7+ Kg6 51. Qe6+ Kh5 52. Qxf5 Rb2+ 53. Kc3 Rb8 54. g4+ Kh4
55. f4 gxf4 56. Bf2+ Kh3 57. Qxf4 Rc8+ 58. Kb2 Rg8 59. Qg3# { Black
checkmated } 1-0

[Event "ICC tourney 2533 (25 5)"]
[Site "Internet Chess Club"]
[Date "2021.04.24"]
[Round "4"]
[White "YANG XIAO, STEPHEN:K09-16490714"]
[Black "CASTLE, CHASE:K09-30017074"]
[Result "1-0"]
[ICCResult "Black resigns"]
[WhiteElo "1612"]
[BlackElo "1111"]
[Opening "Giuoco Piano"]
[ECO "C53"]
[NIC "IG.02"]
[Time "17:06:37"]
[PlyCount "93"]
[TimeControl "1500+5"]

1. e4 e5 2. Nf3 Nc6 3. Bc4 Bc5 4. c3 d6 5. h3 Nf6 6. d3 h6 7. O-O O-O 8. b4
Bb6 9. a4 a6 10. Bb2 Be6 11. Nbd2 Qd7 12. Qe2 Rad8 13. b5 Na7 14. bxa6 bxa6
15. d4 Bxc4 16. Nxc4 exd4 17. cxd4 Qc6 18. a5 Bxd4 19. Nxd4 Qxe4 20. Qxe4
Nxe4 21. Rfe1 Rfe8 22. Nf5 Nf6 23. Bxf6 gxf6 24. Nxh6+ Kg7 25. Nf5+ Kg6 26.
Nh4+ Kh5 27. g3 Rxe1+ 28. Rxe1 d5 29. Nd2 c5 30. Rc1 c4 31. Nhf3 Nc6 32.
g4+ Kg6 33. Nb3 Nb4 34. Nbd4 Nd3 35. Rc3 Nc5 36. Nc6 Rd6 37. Ne7+ Kh7 38.
Kf1 Nb3 39. Nf5 Rd8 40. N3d4 Nxa5 41. Ra3 Nb3 42. Rxa6 Nd2+ 43. Ke2 Ne4 44.
f3 Nc3+ 45. Kd2 Nb1+ 46. Kc2 Rb8 47. Ra1 { Black resigns } 1-0

[Event "ICC tourney 2533 (25 5)"]
[Site "Internet Chess Club"]
[Date "2021.04.24"]
[Round "4"]
[White "TATIKONDA, NIHANTH:K09-16818044"]
[Black "KOGAN, NIKITA:K09-17190210"]
[Result "1-0"]
[ICCResult "Black checkmated"]
[WhiteElo "1392"]
[BlackElo "820"]
[Opening "Old Benoni defense"]
[ECO "A43"]
[NIC "OI.09"]
[Time "17:04:20"]
[PlyCount "107"]
[TimeControl "1500+5"]

1. d4 c5 2. dxc5 e5 3. Nc3 Bxc5 4. e4 Nf6 5. Nf3 Nc6 6. Bc4 O-O 7. O-O h6
8. h3 Nd4 9. Nxe5 d6 10. Nf3 Nxf3+ 11. Qxf3 Re8 12. Be3 Bxe3 13. Qxe3 Bxh3
14. Qxh3 Qc8 15. Qxc8 Raxc8 16. Bd5 Nxd5 17. exd5 a6 18. Rfe1 b5 19. a3
Rxe1+ 20. Rxe1 Kf8 21. Re2 g6 22. Ne4 Rb8 23. Nf6 Rc8 24. Kf1 Kg7 25. Ne8+
Kf8 26. Nxd6 Rd8 27. Ne4 Rxd5 28. Rd2 Rxd2 29. Nxd2 Ke7 30. Ke2 Kd6 31. Kd3
Kd5 32. b4 f5 33. f4 Kc6 34. Kd4 Kb6 35. Ke5 a5 36. c3 axb4 37. axb4 Kc6
38. Kf6 g5 39. fxg5 hxg5 40. Kxg5 f4 41. Kxf4 Kd5 42. Kf5 Kd6 43. Kf6 Kd5
44. g4 Kd6 45. g5 Kd5 46. g6 Kd6 47. g7 Kd5 48. g8=Q+ Kd6 49. Ne4+ Kc6 50.
Qc8+ Kb6 51. Qc5+ Kb7 52. Nd6+ Kb8 53. Qc8+ Ka7 54. Qb7# { Black checkmated
} 1-0

[Event "ICC tourney 2533 (25 5)"]
[Site "Internet Chess Club"]
[Date "2021.04.24"]
[Round "4"]
[White "ZENG, LUCY:K09-17101736"]
[Black "EILEEN MILLER, ANNA:K09-16812002"]
[Result "1/2-1/2"]
[ICCResult "Game drawn by repetition"]
[WhiteElo "1228"]
[BlackElo "586"]
[Opening "Giuoco Piano"]
[ECO "C53"]
[NIC "IG.02"]
[Time "17:06:15"]
[PlyCount "119"]
[TimeControl "1500+5"]

1. e4 e5 2. Nf3 Nc6 3. Bc4 Bc5 4. c3 d6 5. d4 Bb6 6. Ng5 d5 7. Bxd5 Be6 8.
Bxe6 fxe6 9. Nf3 exd4 10. cxd4 Nxd4 11. Be3 Nxf3+ 12. Qxf3 Ba5+ 13. Nc3 Nf6
14. O-O Bxc3 15. bxc3 e5 16. Bg5 O-O 17. Qg3 Nxe4 18. Bxd8 Nxg3 19. hxg3
Raxd8 20. Rfe1 Rfe8 21. Rab1 b6 22. Rb4 Rd2 23. a4 Rf8 24. f4 exf4 25. gxf4
Rc2 26. Re3 Rd8 27. Rc4 c5 28. a5 Rcd2 29. Re7 Ra8 30. axb6 axb6 31. Rb7
Rb2 32. Re4 Kf8 33. Ree7 Raa2 34. Rf7+ Ke8 35. Rbe7+ Kd8 36. Rd7+ Ke8 37.
Rfe7+ Kf8 38. Rf7+ Ke8 39. Rde7+ Kd8 40. Rd7+ Ke8 41. Rxg7 Kf8 42. Rb7 b5
43. Rgc7 Rxg2+ 44. Kh1 Rh2+ 45. Kg1 Rag2+ 46. Kf1 Rf2+ 47. Kg1 Rfg2+ 48.
Kf1 Rf2+ 49. Ke1 Re2+ 50. Kd1 Rd2+ 51. Ke1 Rhe2+ 52. Kf1 Rf2+ 53. Kg1 Rg2+
54. Kf1 Rdf2+ 55. Ke1 Re2+ 56. Kf1 Rgf2+ 57. Kg1 Rg2+ 58. Kf1 Ref2+ 59. Ke1
Re2+ 60. Kf1 { Game drawn by repetition } 1/2-1/2

[Event "ICC tourney 2533 (25 5)"]
[Site "Internet Chess Club"]
[Date "2021.04.24"]
[Round "4"]
[White "KONSTANTAKOS, CHRISTOS:K09-17130487"]
[Black "NAGAICH, ARNAV:K09-16256926"]
[Result "1-0"]
[ICCResult "Black checkmated"]
[WhiteElo "1447"]
[BlackElo "828"]
[Opening "QGD: 6.Nf3"]
[ECO "D55"]
[NIC "QO.13"]
[Time "17:04:37"]
[PlyCount "105"]
[TimeControl "1500+5"]

1. d4 d5 2. c4 e6 3. Nc3 Nf6 4. Bg5 Be7 5. e3 O-O 6. Nf3 c6 7. Be2 Nbd7 8.
O-O Qc7 9. Bf4 Qb6 10. Qc2 Re8 11. Na4 Qa5 12. a3 dxc4 13. Nc3 b5 14. a4 b4
15. Nd1 Ba6 16. Bxc4 Bxc4 17. Qxc4 Rac8 18. b3 Nb6 19. Qd3 Nfd5 20. Nb2
Nxf4 21. exf4 Nd5 22. Qd2 Bf6 23. Nc4 Qc7 24. Nfe5 Bxe5 25. fxe5 Red8 26.
a5 f6 27. f4 c5 28. Nd6 Rb8 29. Rfc1 Nc3 30. Rxc3 bxc3 31. Qxc3 Rxd6 32.
exd6 Qxd6 33. dxc5 Qxf4 34. Rd1 Qb4 35. Qxb4 Rxb4 36. Rd8+ Kf7 37. c6 Rxb3
38. c7 Rc3 39. c8=Q Rxc8 40. Rxc8 Kg6 41. Ra8 a6 42. Rxa6 e5 43. Rb6 Kf5
44. a6 e4 45. a7 e3 46. a8=Q e2 47. Kf2 h5 48. Kxe2 g5 49. Qd5+ Kg6 50. Qe6
h4 51. Qxf6+ Kh5 52. h3 g4 53. Rb5# { Black checkmated } 1-0

[Event "ICC tourney 2533 (25 5)"]
[Site "Internet Chess Club"]
[Date "2021.04.24"]
[Round "4"]
[White "COOKE, GRAYSON:K09-15001077"]
[Black "KALIKIRI, SAKETH:K09-15532792"]
[Result "1-0"]
[ICCResult "Black resigns"]
[WhiteElo "1713"]
[BlackElo "1181"]
[Opening "QGD: Ragozin variation"]
[ECO "D38"]
[NIC "NI.27"]
[Time "17:04:02"]
[PlyCount "71"]
[TimeControl "1500+5"]

1. d4 d5 2. c4 e6 3. Nc3 Nf6 4. Nf3 Bb4 5. a3 Bxc3+ 6. bxc3 Nbd7 7. Bg5
dxc4 8. e4 h6 9. Bh4 g5 10. Nxg5 hxg5 11. Bxg5 c6 12. e5 Qa5 13. Bxf6 Qxc3+
14. Ke2 Nxf6 15. exf6 Rh6 16. Rc1 Qxa3 17. Qd2 Qd3+ 18. Qxd3 cxd3+ 19. Kxd3
Rxf6 20. f3 Bd7 21. h4 O-O-O 22. h5 Rh6 23. Ra1 a6 24. Ke3 f5 25. g4 Rg8
26. Be2 Kd8 27. Rag1 fxg4 28. fxg4 a5 29. g5 Rhh8 30. g6 Ke7 31. h6 Be8 32.
g7 b5 33. gxh8=Q Rxh8 34. h7 Kf6 35. Rg8 Rxg8 36. hxg8=Q { Black resigns }
1-0

[Event "ICC tourney 2533 (25 5)"]
[Site "Internet Chess Club"]
[Date "2021.04.24"]
[Round "4"]
[White "P CHABUKSWAR, VED:K09-17181828"]
[Black "MATHIYAZHAGAN, ASHRITH:K09-15357100"]
[Result "0-1"]
[ICCResult "White checkmated"]
[WhiteElo "1046"]
[BlackElo "1581"]
[Opening "Queen's pawn: London system"]
[ECO "A45"]
[NIC "QP.05"]
[Time "17:04:19"]
[PlyCount "82"]
[TimeControl "1500+5"]

1. d4 Nf6 2. Bf4 e6 3. Nf3 b6 4. e3 Bb7 5. Bd3 Ne4 6. Nbd2 f5 7. Ne5 Qf6 8.
f3 Nd6 9. Qe2 Nc6 10. Ndc4 Nxc4 11. Bxc4 O-O-O 12. O-O-O h6 13. h3 g5 14.
Bh2 d6 15. Nxc6 Bxc6 16. Ba6+ Kb8 17. Qc4 Ba8 18. Rd3 Bg7 19. Rc3 Qe7 20.
Ra3 e5 21. d5 c6 22. dxc6 Qc7 23. Bb5 d5 24. Qd3 f4 25. e4 d4 26. Qc4 Bf8
27. Rb3 Rd6 28. Qe2 Bxc6 29. Bxc6 Rxc6 30. Rd1 Be7 31. Rbd3 Rc8 32. R1d2
Bb4 33. c3 dxc3 34. bxc3 Bxc3 35. Rc2 Bb2+ 36. Kxb2 Rxc2+ 37. Qxc2 Qxc2+
38. Ka1 Qxd3 39. Bg1 Qb5 40. a3 Rc1+ 41. Ka2 Qb1# { White checkmated } 0-1

[Event "ICC tourney 2533 (25 5)"]
[Site "Internet Chess Club"]
[Date "2021.04.24"]
[Round "4"]
[White "NARNUR, PRASHANSA:K09-15668920"]
[Black "MELISSANDRE ZAMOJSKI, CHLOL:K09-16776316"]
[Result "0-1"]
[ICCResult "White resigns"]
[WhiteElo "1498"]
[BlackElo "978"]
[Opening "English opening"]
[ECO "A20"]
[NIC "EO.24"]
[Time "17:03:24"]
[PlyCount "62"]
[TimeControl "1500+5"]

1. c4 e5 2. g3 Nc6 3. Bg2 f5 4. Nc3 Nf6 5. Nf3 g6 6. d3 Bg7 7. O-O O-O 8.
Bg5 h6 9. Be3 g5 10. Qb3 Kh7 11. Qb5 d6 12. Nd5 Nxd5 13. Qxd5 g4 14. Nd2 f4
15. Be4+ Kh8 16. gxf4 exf4 17. Bxf4 Rxf4 18. e3 Rf8 19. d4 Qf6 20. Bb1 Bf5
21. Ne4 Qe6 22. Qxe6 Bxe6 23. d5 Bxb2 24. Bd3 Bxa1 25. Rxa1 Ne5 26. dxe6
Nxd3 27. Rd1 Ne5 28. c5 dxc5 29. Rd5 Nf3+ 30. Kh1 Rfd8 31. Rxd8+ Rxd8 {
White resigns } 0-1

[Event "ICC tourney 2533 (25 5)"]
[Site "Internet Chess Club"]
[Date "2021.04.24"]
[Round "4"]
[White "HENRY EASTERDAY, WILLIAM:K09-16350945"]
[Black "GUERRERIO, CHRISTOPHER:K09-16206065"]
[Result "0-1"]
[ICCResult "White checkmated"]
[WhiteElo "1150"]
[BlackElo "530"]
[Opening "Réti opening"]
[ECO "A04"]
[NIC "QP.11"]
[Time "17:05:37"]
[PlyCount "130"]
[TimeControl "1500+5"]

1. Nf3 e5 2. d3 Nc6 3. g3 Nf6 4. Bg2 d5 5. Bg5 h6 6. Bxf6 Qxf6 7. Nbd2 Be6
8. O-O Bd6 9. e4 d4 10. Ne1 O-O 11. Kh1 Qd8 12. Nef3 Qd7 13. Ng1 Bc5 14.
Rb1 Bxa2 15. Bh3 Qe7 16. Ra1 Be6 17. Bxe6 Qxe6 18. f4 f6 19. f5 Qf7 20. Nb3
Bb6 21. Qd2 Qe7 22. h4 Bc5 23. Na5 Qd6 24. Nxb7 Qe7 25. Rfb1 Bb4 26. c3
dxc3 27. bxc3 Rab8 28. cxb4 Rxb7 29. b5 Nd4 30. Ra5 c6 31. Kg2 cxb5 32. Ne2
Nc6 33. Raxb5 Rfb8 34. Rxb7 Rxb7 35. Rxb7 Qxb7 36. Nc3 Qb4 37. Kf2 Nd4 38.
Ke3 Qc5 39. Na4 Nxf5+ 40. Kf3 Qg1 41. exf5 Qf1+ 42. Ke4 Qh1+ 43. Ke3 Qg1+
44. Qf2 Qc1+ 45. Ke4 Qc6+ 46. Ke3 Qxa4 47. Qg2 Qd4+ 48. Ke2 Qb2+ 49. Kf3
Qxg2+ 50. Kxg2 Kf7 51. Kf2 a5 52. Ke2 Ke7 53. Kd2 Kd6 54. Kc3 Kc5 55. Kb3
Kd4 56. Ka4 Kxd3 57. Kxa5 Ke4 58. Kb6 Kxf5 59. Kc7 e4 60. Kd7 e3 61. Ke7 e2
62. Kf7 e1=Q 63. Kxg7 Qe7+ 64. Kxh6 Qf8+ 65. Kh5 Qh8# { White checkmated }
0-1

[Event "ICC tourney 2533 (25 5)"]
[Site "Internet Chess Club"]
[Date "2021.04.24"]
[Round "4"]
[White "PETUKHOV, ARTHUR:K09-16615802"]
[Black "GHOSH, PRARTHAN:K09-15038196"]
[Result "0-1"]
[ICCResult "White checkmated"]
[WhiteElo "1287"]
[BlackElo "1916"]
[Opening "French: advance, Milner-Barry gambit"]
[ECO "C02"]
[NIC "FR.03"]
[Time "17:06:51"]
[PlyCount "152"]
[TimeControl "1500+5"]

1. e4 e6 2. d4 d5 3. e5 c5 4. c3 Qb6 5. Nf3 Nc6 6. Bd3 Bd7 7. O-O Rc8 8.
Re1 cxd4 9. cxd4 Nxd4 10. Nxd4 Qxd4 11. Nc3 a6 12. Be3 Qxe5 13. Bc5 Qb8 14.
Bxf8 Kxf8 15. Qb3 Ne7 16. Rac1 g6 17. Ne2 Kg7 18. Qb4 Nc6 19. Qc3+ Qe5 20.
Qb3 b5 21. Ng3 Qd6 22. Qc3+ f6 23. Rcd1 Ne5 24. Qd4 Rc7 25. f4 Nxd3 26.
Rxd3 Rc4 27. Qe3 Qxf4 28. Qe2 Rhc8 29. Rf1 Qd6 30. Kh1 e5 31. Ne4 Qe7 32.
Nxf6 Bf5 33. Rxf5 gxf5 34. Nxd5 Rc1+ 35. Rd1 Qd6 36. Qe1 Qxd5 37. Rxc1 Rxc1
38. Qxc1 e4 39. Qg5+ Kh8 40. Qf6+ Kg8 41. Qg5+ Kf8 42. Qf6+ Qf7 43. Qd6+
Qe7 44. Qxa6 e3 45. Qc8+ Kg7 46. Qc3+ Kg6 47. Qc6+ Kf7 48. Qd5+ Qe6 49.
Qb7+ Kf6 50. Qxh7 e2 51. Qh6+ Ke7 52. Qg7+ Kd6 53. Qd4+ Qd5 54. Qb4+ Kc6
55. Qc3+ Qc5 56. Qf6+ Kb7 57. Qf7+ Qc7 58. Qd5+ Qc6 59. Qd2 Qe6 60. Qe1 Qe3
61. h3 Qd3 62. Kh2 Qd1 63. Qg3 e1=Q 64. Qg7+ Kc6 65. Qf6+ Qd6+ 66. Qxd6+
Kxd6 67. b4 Qxb4 68. a3 Qxa3 69. g4 fxg4 70. Kg2 Qxh3+ 71. Kg1 Qe3+ 72. Kg2
Ke5 73. Kh1 Qe2 74. Kg1 Kf4 75. Kh1 Kg3 76. Kg1 Qe1# { White checkmated }
0-1

[Event "ICC tourney 2533 (25 5)"]
[Site "Internet Chess Club"]
[Date "2021.04.24"]
[Round "4"]
[White "RAJBHANDARI, NIRVANA:K09-16146937"]
[Black "TOBY LYU, ETHAN:K09-16195991"]
[Result "0-1"]
[ICCResult "White checkmated"]
[WhiteElo "1200"]
[BlackElo "1838"]
[Opening "QGD: semi-Slav, Noteboom variation"]
[ECO "D31"]
[NIC "SL.06"]
[Time "17:05:13"]
[PlyCount "134"]
[TimeControl "1500+5"]

1. d4 d5 2. c4 e6 3. Nc3 c6 4. Nf3 dxc4 5. e4 b5 6. Bg5 f6 7. Bf4 Bb7 8.
Be2 Bb4 9. O-O Ne7 10. a3 Bxc3 11. bxc3 O-O 12. Rb1 Qc8 13. a4 a6 14. Qc2
Ng6 15. Bd6 Rd8 16. Bg3 Nd7 17. Rfd1 Nb6 18. a5 Nd7 19. Nh4 c5 20. Nxg6
hxg6 21. Bf3 cxd4 22. Rxd4 e5 23. Rd2 Qc7 24. Rbd1 Nc5 25. Re2 Qxa5 26. Re3
Qa4 27. Qxa4 Nxa4 28. Rb1 Nc5 29. h3 Rd3 30. Rbe1 Rad8 31. Kh2 Na4 32. Rxd3
cxd3 33. Bd1 Nxc3 34. Bb3+ Kf8 35. Rc1 b4 36. f3 d2 37. Rd1 Nxd1 38. Bxd1
b3 39. Bxb3 d1=Q 40. Bxd1 Rxd1 41. Bf2 a5 42. Kg3 a4 43. Kg4 Kf7 44. Bc5
Rd3 45. h4 a3 46. Bxa3 Rxa3 47. h5 Bc8+ 48. Kh4 g5+ 49. Kg3 Kg8 50. h6 gxh6
51. Kf2 h5 52. g4 h4 53. Kg2 h3+ 54. Kxh3 Rxf3+ 55. Kg2 Ra3 56. Kf2 Kf7 57.
Kg2 Ke7 58. Kf2 Kd6 59. Kg2 Kc5 60. Kf2 Kd4 61. Kg2 Kxe4 62. Kf2 Bd7 63.
Ke2 Ra2+ 64. Kf1 Ke3 65. Kg1 Kf3 66. Kh1 Kg3 67. Kg1 Ra1# { White
checkmated } 0-1

[Event "ICC tourney 2533 (25 5)"]
[Site "Internet Chess Club"]
[Date "2021.04.24"]
[Round "4"]
[White "CALLENIUS, AIDEN:K09-16875614"]
[Black "ISAAC JENKINS, MATTHEW:K09-16814454"]
[Result "0-1"]
[ICCResult "White resigns"]
[WhiteElo "699"]
[BlackElo "1302"]
[Opening "Ruy Lopez: old Steinitz defense"]
[ECO "C62"]
[NIC "RL.02"]
[Time "17:05:59"]
[PlyCount "48"]
[TimeControl "1500+5"]

1. e4 e5 2. Nf3 Nc6 3. Bb5 d6 4. c3 g6 5. d4 Bd7 6. O-O Bg7 7. d5 Nce7 8.
Bxd7+ Qxd7 9. Bg5 Nf6 10. Nbd2 h6 11. Bxf6 Bxf6 12. Qb3 Rb8 13. Qc2 O-O 14.
b4 Bg7 15. Rfd1 c6 16. c4 Rbc8 17. Qd3 a6 18. a4 f5 19. c5 cxd5 20. Qb3
dxc5 21. exd5 Qxd5 22. bxc5 Qxb3 23. Nxb3 e4 24. Ne1 Bxa1 { White resigns }
0-1

[Event "ICC tourney 2533 (25 5)"]
[Site "Internet Chess Club"]
[Date "2021.04.24"]
[Round "4"]
[White "COLOMBO, DOMINIC:K09-14933967"]
[Black "KAMISETTY, NIKHIL:K09-15482975"]
[Result "1-0"]
[ICCResult "Black resigns"]
[WhiteElo "1960"]
[BlackElo "1452"]
[Opening "French: Two knights variation"]
[ECO "C00"]
[NIC "FR.01"]
[Time "17:03:59"]
[PlyCount "59"]
[TimeControl "1500+5"]

1. e4 e6 2. Nc3 d5 3. Nf3 d4 4. Ne2 c5 5. c3 Nc6 6. cxd4 Nxd4 7. Nexd4 cxd4
8. Qa4+ Bd7 9. Qxd4 Nf6 10. Bc4 b6 11. d3 Bc5 12. Qc3 Bc6 13. b4 Be7 14.
Bxe6 Bb7 15. Bc4 O-O 16. Bb2 Rc8 17. Qb3 a6 18. Ne5 Qe8 19. b5 a5 20. O-O
Bd6 21. Nxf7 Rxf7 22. Bxf7+ Qxf7 23. Qxf7+ Kxf7 24. e5 Rc2 25. Bd4 Bb4 26.
exf6 gxf6 27. Bxb6 Rd2 28. d4 Bc3 29. Rac1 Rd3 30. Rfd1 { Black resigns }
1-0

[Event "ICC tourney 2533 (25 5)"]
[Site "Internet Chess Club"]
[Date "2021.04.24"]
[Round "4"]
[White "WEICHENG ZHANG, JUSTIN:K09-16253356"]
[Black "VIJAY HIMAGHNA SISTA, SAI:K09-17280467"]
[Result "1-0"]
[ICCResult "Black checkmated"]
[WhiteElo "1355"]
[BlackElo "435"]
[Opening "Queen's pawn: English defense"]
[ECO "E12"]
[NIC "QO.17"]
[Time "17:05:30"]
[PlyCount "119"]
[TimeControl "1500+5"]

1. d4 b6 2. c4 Bb7 3. Nc3 Nf6 4. Nf3 e6 5. g3 d5 6. cxd5 Nxd5 7. Bg2 Bb4 8.
Bd2 a6 9. O-O O-O 10. Nxd5 Bxd2 11. Nxb6 cxb6 12. Qxd2 Nc6 13. Rad1 Qd7 14.
a3 Rad8 15. e3 Qd6 16. Rc1 Na5 17. Rc3 b5 18. Rfc1 Bd5 19. Qc2 Nc4 20. Nd2
Bxg2 21. Nxc4 Qd5 22. f4 Be4 23. Nb6 Qb7 24. Rc7 Qxb6 25. Qxe4 Qd6 26. R1c6
Qd5 27. Qxd5 exd5 28. Rxa6 Rde8 29. Kf2 Re4 30. Rc5 Rfe8 31. Rc3 R4e6 32.
Rxe6 fxe6 33. Rc6 b4 34. axb4 Kf7 35. Rc7+ Kf6 36. Rb7 Rc8 37. b5 Rc2+ 38.
Kg1 Rxb2 39. b6 Kg6 40. Rb8 Kf7 41. b7 g6 42. Rh8 h5 43. b8=Q Rxb8 44. Rxb8
Kf6 45. h4 Kf5 46. Kf2 Kf6 47. Kf3 Kf7 48. Rb7+ Kf6 49. Rc7 g5 50. hxg5+
Kg6 51. Re7 Kf5 52. Kf2 Kg6 53. Rxe6+ Kf7 54. Rd6 Kg7 55. g6 h4 56. gxh4
Kg8 57. Rd7 Kh8 58. h5 Kg8 59. h6 Kh8 60. Rd8# { Black checkmated } 1-0

[Event "ICC tourney 2533 (25 5)"]
[Site "Internet Chess Club"]
[Date "2021.04.24"]
[Round "4"]
[White "PARK, LUCAS:K09-16422040"]
[Black "ETHAN LU, ALAN:K09-15478737"]
[Result "1-0"]
[ICCResult "Black resigns"]
[WhiteElo "1084"]
[BlackElo "1649"]
[Opening "QGD: exchange variation"]
[ECO "D35"]
[NIC "QO.16"]
[Time "17:04:56"]
[PlyCount "125"]
[TimeControl "1500+5"]

1. d4 d5 2. c4 e6 3. Nc3 Nf6 4. cxd5 exd5 5. Nf3 Bb4 6. Bg5 c6 7. e3 O-O 8.
Bd3 Bg4 9. O-O Nbd7 10. Re1 Qa5 11. Qc2 Bxf3 12. gxf3 Qc7 13. Bxf6 Nxf6 14.
Kf1 Qxh2 15. Ke2 h6 16. Rh1 Qd6 17. Rag1 Kh8 18. a3 Bxc3 19. Qxc3 Rfe8 20.
Rg5 Qf4 21. Re5 Rxe5 22. dxe5 Qg5 23. exf6 gxf6 24. Qd4 b6 25. Qg4 Qxg4 26.
fxg4 Kg7 27. Bf5 Re8 28. Bd7 Re7 29. Bxc6 d4 30. Bb5 dxe3 31. fxe3 Re5 32.
Bd3 Rc5 33. Kd2 a5 34. e4 Rg5 35. Rg1 h5 36. Be2 Kh6 37. Ke3 b5 38. Kf2
hxg4 39. Rxg4 Re5 40. Rh4+ Kg5 41. Rh5+ Kf4 42. Rxe5 fxe5 43. Bxb5 Kxe4 44.
a4 Kd4 45. b3 f5 46. Bc4 Kc5 47. Ke3 e4 48. Kf4 Kd4 49. Kxf5 Ke3 50. Ke5
Kd2 51. Kd4 e3 52. Kc5 Kc3 53. Kb5 Kd2 54. Kxa5 e2 55. Bxe2 Kxe2 56. b4 Kd3
57. b5 Kc4 58. b6 Kb3 59. b7 Ka3 60. b8=Q Ka2 61. Qb4 Ka1 62. Kb5 Ka2 63.
Kc4 { Black resigns } 1-0

[Event "ICC tourney 2533 (25 5)"]
[Site "Internet Chess Club"]
[Date "2021.04.24"]
[Round "4"]
[White "RAMASAMY, NITHIN:K09-16464765"]
[Black "LIU, JOSHUA:K09-16222106"]
[Result "0-1"]
[ICCResult "White checkmated"]
[WhiteElo "1075"]
[BlackElo "1613"]
[Opening "Réti: King's Indian attack (Barcza system)"]
[ECO "A07"]
[NIC "QP.09"]
[Time "17:04:37"]
[PlyCount "126"]
[TimeControl "1500+5"]

1. Nf3 d5 2. g3 Nf6 3. Bg2 e6 4. O-O Be7 5. d3 O-O 6. Nbd2 c5 7. e4 Nc6 8.
b3 Qc7 9. Re1 dxe4 10. dxe4 e5 11. Bb2 Rd8 12. Qe2 Nd4 13. Nxd4 cxd4 14.
Nf3 h6 15. a3 b6 16. Rad1 Bb7 17. Qd3 Rac8 18. Rd2 Nd7 19. b4 a5 20. Bh3
axb4 21. Bxd7 Rxd7 22. Rde2 bxa3 23. Bxa3 Bxa3 24. Qxa3 f6 25. Qb3+ Qc4 26.
Qxb6 Rdc7 27. Qb3 Ba6 28. Rd2 Qxb3 29. cxb3 Rc3 30. Rb2 Rxf3 31. b4 Rb8 32.
Reb1 Rc3 33. b5 Bb7 34. b6 Rc6 35. Rb5 Ba6 36. R5b2 d3 37. b7 Rc7 38. Rd1
Rcxb7 39. Rxb7 Rxb7 40. Rc1 Rd7 41. Rd1 d2 42. Kg2 Be2 43. Ra1 d1=Q 44.
Rxd1 Rxd1 45. f4 exf4 46. gxf4 Rd2 47. e5 fxe5 48. fxe5 Kf7 49. e6+ Kxe6
50. Kf2 g5 51. h3 Bb5+ 52. Ke3 Rd3+ 53. Ke2 Rxh3+ 54. Kf2 g4 55. Kg1 Kf5
56. Kg2 Kf4 57. Kg1 Rg3+ 58. Kh1 h5 59. Kh2 h4 60. Kh1 Ra3 61. Kh2 g3+ 62.
Kh1 h3 63. Kg1 Ra1# { White checkmated } 0-1

[Event "ICC tourney 2533 (25 5)"]
[Site "Internet Chess Club"]
[Date "2021.04.24"]
[Round "4"]
[White "YANG, ANDREW:K09-16578406"]
[Black "SHETTY, DARSH:K09-16728985"]
[Result "0-1"]
[ICCResult "White checkmated"]
[WhiteElo "1263"]
[BlackElo "680"]
[Opening "QGD: 4.Nf3"]
[ECO "D37"]
[NIC "QI.01"]
[Time "17:03:24"]
[PlyCount "96"]
[TimeControl "1500+5"]

1. d4 Nf6 2. c4 e6 3. Nf3 d5 4. Nc3 Nbd7 5. a3 Bd6 6. Bg5 h6 7. Bh4 Be7 8.
e3 O-O 9. cxd5 exd5 10. Bd3 c6 11. O-O Re8 12. Qd2 Ne4 13. Nxe4 dxe4 14.
Bxe4 Bxh4 15. Bd3 Bf6 16. Qc2 Nb6 17. b4 Bg4 18. Nd2 Nd5 19. h3 Be6 20.
Rfc1 a5 21. bxa5 Qxa5 22. Nc4 Qd8 23. Rcb1 b5 24. Nd2 Rc8 25. Nb3 Be7 26.
Rc1 Nb6 27. Bh7+ Kh8 28. Bd3 Bxb3 29. Qxb3 Qd5 30. Qxd5 Nxd5 31. Bf5 Rc7
32. e4 Nb6 33. d5 Nc4 34. dxc6 Bxa3 35. Rxc4 bxc4 36. Bd7 Ra8 37. Ra2 c3
38. Rc2 Bb2 39. Kh2 Ra4 40. f3 Rd4 41. Re2 Rd2 42. Re1 c2 43. Kg3 Rd1 44.
Re2 c1=Q 45. e5 Re1 46. Rxe1 Qxe1+ 47. Kf4 Qxe5+ 48. Kg4 Qg5# { White
checkmated } 0-1

[Event "ICC tourney 2533 (25 5)"]
[Site "Internet Chess Club"]
[Date "2021.04.24"]
[Round "4"]
[White "CHANDRAN, HARISH:K09-15751871"]
[Black "CHEN XIONG, ELEYN:K09-16062773"]
[Result "1-0"]
[ICCResult "Black checkmated"]
[WhiteElo "1561"]
[BlackElo "1015"]
[Opening "English: Caro-Kann defensive system"]
[ECO "A11"]
[NIC "EO.64"]
[Time "17:03:39"]
[PlyCount "53"]
[TimeControl "1500+5"]

1. c4 c6 2. d3 d5 3. cxd5 cxd5 4. Nf3 Nc6 5. g3 e5 6. Bg2 Nf6 7. O-O Bc5 8.
Bg5 Qb6 9. Qc2 Ng4 10. e4 Nb4 11. Qe2 f6 12. Bc1 Nxf2 13. d4 exd4 14. exd5+
Kf7 15. Rxf2 d3 16. Ne5+ Ke8 17. Nxd3+ Kd8 18. Nxc5 Qxc5 19. Nc3 Re8 20.
Ne4 Qxd5 21. Bf4 Nd3 22. Rd1 Bd7 23. Qxd3 Qf5 24. Bc7+ Kxc7 25. Rxf5 Bxf5
26. Qd6+ Kc8 27. Rc1# { Black checkmated } 1-0

[Event "ICC tourney 2533 (25 5)"]
[Site "Internet Chess Club"]
[Date "2021.04.24"]
[Round "4"]
[White "ZHAO, MILES:K09-15597206"]
[Black "LUO, TERRY:K09-15210186"]
[Result "0-1"]
[ICCResult "White resigns"]
[WhiteElo "1843"]
[BlackElo "2232"]
[Opening "Sicilian: Canal-Sokolsky attack, 3...Bd7"]
[ECO "B52"]
[NIC "SI.01"]
[Time "17:03:57"]
[PlyCount "130"]
[TimeControl "1500+5"]

1. e4 c5 2. Nf3 d6 3. Bb5+ Bd7 4. Bxd7+ Qxd7 5. O-O Nf6 6. Re1 Nc6 7. d4
cxd4 8. Nxd4 g6 9. Nc3 Bg7 10. Be3 O-O 11. f3 Rac8 12. Qd2 a6 13. Rad1 Ne5
14. b3 Rfd8 15. Nde2 b5 16. Nf4 Qb7 17. Nfd5 Nxd5 18. Nxd5 e6 19. Nf4 h6
20. Ne2 Kh7 21. h3 d5 22. f4 dxe4 23. Qxd8 Rxd8 24. Rxd8 Nc6 25. Rd2 Ne7
26. Red1 Nd5 27. Bd4 e3 28. Rd3 Nb4 29. Rxe3 Nxc2 30. Red3 Nxd4 31. Nxd4
Qe4 32. g3 h5 33. Kf2 h4 34. Nf3 hxg3+ 35. Kxg3 Bh6 36. Ng5+ Bxg5 37. fxg5
Qe5+ 38. Kf2 Qxg5 39. Rf3 Qh4+ 40. Kg2 Qe7 41. Rfd3 Qb7+ 42. Kh2 Qc7+ 43.
Kg2 Qc6+ 44. Kh2 Kg7 45. R1d2 Qe4 46. Rd7 Qf4+ 47. Kg2 Qg5+ 48. Kh2 Kh6 49.
Rf2 Qe5+ 50. Kg2 Qe4+ 51. Kh2 f5 52. Rdd2 f4 53. Rde2 Qf5 54. Re1 e5 55.
Ref1 g5 56. Rd2 f3 57. Rd6+ Kh5 58. Rd8 Qf4+ 59. Kh1 e4 60. Rfd1 f2 61. Rf1
e3 62. Rh8+ Kg6 63. Rg8+ Kh7 64. Ra8 Qf3+ 65. Kh2 Qxa8 { White resigns }
0-1